[Event "ICC tourney 1954 (60 10)"]
[Site "Internet Chess Club"]
[Date "2020.08.09"]
[Round "8"]
[White "alphablitz"]
[Black "IsaacCumes"]
[Result "0-1"]
[ICCResult "White resigns"]
[WhiteElo "713"]
[BlackElo "994"]
[Opening "Giuoco Piano"]
[ECO "C50"]
[NIC "IG.02"]
[Time "15:18:59"]
[TimeControl "3600+10"]

1. e4 e5 2. Nf3 Nc6 3. Bc4 Bc5 4. O-O Nf6 5. Nc3 O-O 6. d3 h6 7. h3 d6 8.
Re1 Be6 9. Bxe6 fxe6 10. a3 d5 11. exd5 exd5 12. Nxe5 Nxe5 13. Rxe5 Nd7 14.
Re1 Bxf2+ 15. Kh1 Bxe1 16. Qxe1 Qe8 17. Qxe8 Raxe8 18. Nxd5 Rf1+ 19. Kh2
Ree1 20. Nxc7 Rxc1 21. Ra2 Ra1 22. Rxa1 Rxa1 23. Nb5 a6 24. Nd6 Ra2 25. Nc4
b5 26. Nd6 Rxb2 27. c4 Rb3 28. d4 bxc4 29. Nxc4 Nb6 30. Nxb6 Rxb6 31. Kg3
Rb3+ 32. Kf4 Rxa3 33. Ke5 Rb3 34. Ke6 a5 35. d5 a4 36. d6 a3 37. d7 Re3+ 38.
Kf5 Rd3 39. Ke6 Kf8 40. g4 a2 {White resigns} 0-1

[Event "ICC tourney 1954 (60 10)"]
[Site "Internet Chess Club"]
[Date "2020.08.09"]
[Round "8"]
[White "boxingguy2469x"]
[Black "sakethdesu"]
[Result "1-0"]
[ICCResult "Black checkmated"]
[WhiteElo "1235"]
[BlackElo "861"]
[Opening "Giuoco Piano"]
[ECO "C53"]
[NIC "IG.02"]
[Time "15:19:11"]
[TimeControl "3600+10"]

1. e4 e5 2. Nf3 Nc6 3. Bc4 Bc5 4. c3 d6 5. O-O b6 6. d4 exd4 7. cxd4 Na5 8.
dxc5 Nxc4 9. Qa4+ Bd7 10. Qxc4 a6 11. cxd6 Bb5 12. Qc3 Bxf1 13. Qxg7 Qf6 14.
Qxf6 Nxf6 15. Kxf1 cxd6 16. Nc3 O-O 17. Bh6 Rfe8 18. Re1 Rad8 19. Bg5 Kg7
20. Nd5 Nxd5 21. Bxd8 Rxd8 22. exd5 Rc8 23. Nd4 Rc5 24. Nf5+ Kf6 25. Nxd6
Rxd5 26. Ne4+ Kg6 27. Nc3 Rd2 28. Re2 Rd4 29. a3 Kf6 30. Ne4+ Kf5 31. Ng3+
Kf6 32. Ke1 h6 33. Rd2 Rxd2 34. Kxd2 Ke5 35. Ke3 Kd5 36. Kd3 Kc5 37. Nf5 Kb5
38. Nxh6 Ka4 39. Kc3 b5 40. Nxf7 a5 41. Kc2 b4 42. axb4 Kxb4 43. h4 a4 44.
h5 Kc4 45. h6 Kb4 46. h7 a3 47. bxa3+ Kxa3 48. h8=Q Kb4 49. Qd4+ Ka3 50. Kc3
Ka2 51. Qa4+ Kb1 52. Qb3+ Ka1 53. Qb2# {Black checkmated} 1-0

[Event "ICC tourney 1954 (60 10)"]
[Site "Internet Chess Club"]
[Date "2020.08.09"]
[Round "8"]
[White "AnandVinod"]
[Black "jhong2"]
[Result "1-0"]
[ICCResult "Black resigns"]
[WhiteElo "1340"]
[BlackElo "1211"]
[Opening "Pirc: classical (two knights) system"]
[ECO "B08"]
[NIC "PU.10"]
[Time "15:18:43"]
[TimeControl "3600+10"]

1. e4 d6 2. d4 Nf6 3. Nc3 g6 4. Nf3 Bg7 5. Bc4 O-O 6. O-O c5 7. d5 Bd7 8.
Re1 Ng4 9. h3 Ne5 10. Nxe5 Bxe5 11. f4 Bd4+ 12. Be3 Bxe3+ 13. Rxe3 e6 14.
Qd2 exd5 15. Nxd5 b5 16. Be2 Qh4 17. Rf1 Nc6 18. g3 Qd8 19. f5 Nd4 20. c3
Nxe2+ 21. Qxe2 Qa5 22. Nf6+ Kg7 23. Nxd7 Rfd8 24. fxg6 Rxd7 25. gxh7 Kxh7
26. Qh5+ Kg7 27. Qg4+ Kf8 28. Qxd7 Qxa2 29. Ref3 {Black resigns} 1-0

[Event "ICC tourney 1954 (60 10)"]
[Site "Internet Chess Club"]
[Date "2020.08.09"]
[Round "8"]
[White "Outschoorn"]
[Black "Gnanathan"]
[Result "1-0"]
[ICCResult "Black resigns"]
[WhiteElo "1216"]
[BlackElo "1369"]
[Opening "Sicilian defense"]
[ECO "B20"]
[NIC "SI.48"]
[Time "15:19:11"]
[TimeControl "3600+10"]

1. e4 c5 2. Bc4 e6 3. Nf3 Nc6 4. d3 d5 5. exd5 exd5 6. Qe2+ Be7 7. Bb3 Nf6
8. h3 O-O 9. O-O h6 10. Ne5 Bf5 11. Nxc6 bxc6 12. c3 Qc7 13. Qf3 Bg6 14. c4
Rad8 15. cxd5 cxd5 16. Nc3 c4 17. dxc4 dxc4 18. Bf4 Qc5 19. Be3 Qb4 20. Ba4
Be4 21. Qg3 Bd6 22. Qh4 Be7 23. Nxe4 Nd5 24. Qg3 Qxa4 25. Bxh6 g6 26. Bxf8
Bxf8 27. f4 Re8 28. Rfe1 Qb4 29. f5 Qb6+ 30. Kh1 Qd4 31. Ng5 Nf4 32. Rxe8
Nd3 33. fxg6 Nf2+ 34. Kh2 Kg7 35. gxf7 Bd6 36. Ne6+ Kxf7 37. Nxd4
{Black resigns}
1-0

[Event "ICC tourney 1954 (60 10)"]
[Site "Internet Chess Club"]
[Date "2020.08.09"]
[Round "8"]
[White "potatos22"]
[Black "handsomematch"]
[Result "0-1"]
[ICCResult "White checkmated"]
[WhiteElo "946"]
[BlackElo "1221"]
[Opening "Ruy Lopez: 5.O-O"]
[ECO "C78"]
[NIC "RL.12"]
[Time "15:18:55"]
[TimeControl "3600+10"]

1. e4 e5 2. Nf3 Nc6 3. Bb5 a6 4. Ba4 Nf6 5. O-O b5 6. Bb3 Bc5 7. a4 Rb8 8.
c3 d6 9. d4 Bb6 10. a5 Nxa5 11. Rxa5 Bxa5 12. dxe5 Nxe4 13. Re1 Bb7 14. exd6
cxd6 15. Ng5 Qe7 16. Qd3 f5 17. f3 Bb6+ 18. Kf1 Rf8 19. Nxh7 Qh4 20. Qc2
Qxh7 21. h3 Kd7 22. Bf4 Qh4 23. Bh2 g5 24. Rxe4 Bxe4 25. Qd2 Bd3+ 26. Qe2
Qf2# {White checkmated} 0-1

[Event "ICC tourney 1954 (60 10)"]
[Site "Internet Chess Club"]
[Date "2020.08.09"]
[Round "8"]
[White "shravanr"]
[Black "SukrutN"]
[Result "1-0"]
[ICCResult "Black checkmated"]
[WhiteElo "1407"]
[BlackElo "1144"]
[Opening "Sicilian: Labourdonnais-Löwenthal variation"]
[ECO "B32"]
[NIC "SI.32"]
[Time "15:19:07"]
[TimeControl "3600+10"]

1. e4 c5 2. Nf3 Nc6 3. d4 cxd4 4. Nxd4 e5 5. Nf3 Bb4+ 6. Bd2 Bc5 7. Nc3 Nf6
8. Bc4 O-O 9. O-O d6 10. Re1 Bg4 11. h3 Be6 12. Bxe6 fxe6 13. Bg5 a5 14. Na4
Ba7 15. Bxf6 Qxf6 16. Qxd6 Rad8 17. Qa3 Nd4 18. Nxd4 Qxf2+ 19. Kh1 Bb6 20.
Nxe6 Rf6 21. Nxd8 Bxd8 22. Rad1 Rf8 23. Qe3 Qxc2 24. b3 Qc6 25. Nb2 Bb6 26.
Qg5 Bd4 27. Nc4 h6 28. Qe7 Re8 29. Qd6 Qxd6 30. Nxd6 Re7 31. Nf5 Rd7 32.
Nxd4 exd4 33. e5 Kf8 34. Kh2 Ke7 35. Kg3 Ke6 36. Rd3 b5 37. Re4 Rc7 38.
Rdxd4 Rc3+ 39. Kf4 Rc8 40. b4 Rf8+ 41. Ke3 a4 42. Rd6+ Ke7 43. Rb6 Rc8 44.
Rxb5 Rc3+ 45. Kf4 Rc1 46. Rb7+ Ke6 47. Kg4 Rc2 48. Rb6+ Kd5 49. Kf5 Rf2+ 50.
Rf4 g6+ 51. Rxg6 Rxa2 52. Rd6# {Black checkmated} 1-0

[Event "ICC tourney 1954 (60 10)"]
[Site "Internet Chess Club"]
[Date "2020.08.09"]
[Round "8"]
[White "Cbf577"]
[Black "narayan0811"]
[Result "0-1"]
[ICCResult "White checkmated"]
[WhiteElo "1342"]
[BlackElo "1089"]
[Opening "French: exchange variation"]
[ECO "C01"]
[NIC "FR.01"]
[Time "15:18:31"]
[TimeControl "3600+10"]

1. e4 e6 2. d4 d5 3. exd5 exd5 4. Nf3 Nf6 5. Bd3 c5 6. c3 Nc6 7. O-O Be7 8.
Bg5 O-O 9. Bxf6 Bxf6 10. dxc5 Qa5 11. b4 Nxb4 12. cxb4 Qxb4 13. a3 Qb2 14.
Nbd2 Qxa1 15. Qxa1 Bxa1 16. Rxa1 Be6 17. Rb1 Rab8 18. Nd4 Rfc8 19. Nxe6 fxe6
20. Nb3 b6 21. cxb6 Rxb6 22. Bf1 Rcb8 23. Re1 Rxb3 24. Rxe6 Rxa3 25. g3 Rd8
26. Kg2 d4 27. Bc4 Kf8 28. Re2 a5 29. Rd2 a4 30. Kh3 Rc3 31. Bb5 a3 32. Kg4
d3 33. Kf3 Rc2 34. Rd1 d2 35. Ba4 Rc1 36. Ke2 Rxd1 37. Kxd1 a2 38. Bc2 a1=Q+
39. Ke2 d1=Q+ 40. Bxd1 Qxd1+ 41. Ke3 Qe1+ 42. Kf4 Rd4+ 43. Kf5 Qe4+ 44. Kg5
h6+ 45. Kh5 Qg4# {White checkmated} 0-1

[Event "ICC tourney 1954 (60 10)"]
[Site "Internet Chess Club"]
[Date "2020.08.09"]
[Round "8"]
[White "Yadhunandan"]
[Black "Justinl20202020"]
[Result "1-0"]
[ICCResult "Black checkmated"]
[WhiteElo "882"]
[BlackElo "1080"]
[Opening "QGD: 4.Bg5 Be7"]
[ECO "D53"]
[NIC "QO.13"]
[Time "15:19:11"]
[TimeControl "3600+10"]

1. d4 d5 2. c4 e6 3. Nc3 Nf6 4. Bg5 Be7 5. Bxf6 Bxf6 6. g3 O-O 7. Bg2 dxc4
8. e4 Nc6 9. Nf3 Re8 10. Bf1 Nxd4 11. Nxd4 Bxd4 12. Bxc4 Qf6 13. Qd2 b6 14.
O-O-O Bb7 15. Qxd4 Qf3 16. Rd3 Qg2 17. Rdd1 c5 18. Qe3 Qh3 19. Rd7 Bc8 20.
Rdd1 e5 21. Nd5 Rb8 22. Qa3 Bg4 23. Rde1 Bf3 24. Qxf3 b5 25. Bf1 Qh6+ 26.
Qe3 Qa6 27. a3 Red8 28. Nc3 Qf6 29. Rd1 Rxd1+ 30. Kxd1 Rd8+ 31. Ke2 Qg6 32.
Kf3 Qh5+ 33. g4 Qg6 34. Bxb5 Qf6+ 35. Ke2 Qg6 36. Rg1 Rb8 37. Nd5 Qe6 38.
Qxc5 h6 39. Nc7 Qa2 40. Kf3 Qxb2 41. Qxa7 Rxb5 42. Nxb5 Qxb5 43. Qa8+ Kh7
44. g5 Qd3+ 45. Kg2 hxg5 46. Qb7 g4 47. Qxf7 Qh3+ 48. Kh1 Qxa3 49. Rxg4 Qc1+
50. Kg2 Qh6 51. Qxg7+ Qxg7 52. Rxg7+ Kxg7 53. Kf3 Kf6 54. h4 Kg6 55. Kg4 Kh6
56. Kf5 Kh5 57. Kxe5 Kxh4 58. Kf6 Kg4 59. e5 Kf3 60. e6 Kxf2 61. e7 Ke3 62.
e8=Q+ Kd4 63. Qe5+ Kd3 64. Kf5 Kc4 65. Ke4 Kb4 66. Kd4 Kb3 67. Qb5+ Kc2 68.
Qd3+ Kb2 69. Ke3 Kc1 70. Ke2 Kb2 71. Kd2 Ka2 72. Kc1 Ka1 73. Qb1#
{Black checkmated}
1-0

[Event "ICC tourney 1954 (60 10)"]
[Site "Internet Chess Club"]
[Date "2020.08.09"]
[Round "8"]
[White "EdwardTarte"]
[Black "NNatha"]
[Result "0-1"]
[ICCResult "White resigns"]
[WhiteElo "1190"]
[BlackElo "1403"]
[Opening "Benko's opening"]
[ECO "A00"]
[NIC "VO.09"]
[Time "15:18:29"]
[TimeControl "3600+10"]

1. g3 d6 2. Bg2 Nf6 3. b3 g6 4. Bb2 Bg7 5. e3 Nbd7 6. Ne2 O-O 7. O-O e5 8.
d3 Re8 9. Nd2 Nf8 10. a3 c6 11. b4 Be6 12. Nf3 Qc7 13. Ng5 Bc8 14. d4 e4 15.
Nc3 d5 16. Bh3 h6 17. Bxc8 Qxc8 18. Nxf7 Kxf7 19. Ne2 g5 20. f3 exf3 21.
Rxf3 Kg8 22. Qd3 Qg4 23. Raf1 Qe6 24. Bc1 N8h7 25. Nc3 Ne4 26. Rf7 Nd6 27.
R7f2 Rf8 28. Rxf8+ Rxf8 29. Rxf8+ Nxf8 30. Qf1 Qf5 31. Qg2 Ne4 32. Nxe4 Qxe4
33. Qe2 Bxd4 {White resigns} 0-1

[Event "ICC tourney 1954 (60 10)"]
[Site "Internet Chess Club"]
[Date "2020.08.09"]
[Round "8"]
[White "yayadream"]
[Black "aarush-narsina"]
[Result "0-1"]
[ICCResult "White checkmated"]
[WhiteElo "1328"]
[BlackElo "934"]
[Opening "Sicilian"]
[ECO "B50"]
[NIC "SI.01"]
[Time "15:18:47"]
[TimeControl "3600+10"]

1. e4 c5 2. Nf3 d6 3. Bc4 e6 4. O-O Nf6 5. d3 Be7 6. Bg5 O-O 7. Nbd2 Nc6 8.
c3 Bd7 9. a3 Re8 10. d4 Qc7 11. Re1 e5 12. dxe5 dxe5 13. Ba2 Be6 14. Bxe6
fxe6 15. Qb3 Qd6 16. Rad1 Bf8 17. Bxf6 gxf6 18. Nc4 Qc7 19. Qc2 Bh6 20. Rd3
Kh8 21. Red1 Rg8 22. Rd7 Qc8 23. Qd3 Qxd7 24. Qxd7 Rad8 25. Qxd8 Rxd8 26.
Rxd8+ Nxd8 27. Nd6 b6 28. Ne8 Bg7 29. Nd2 Kg8 30. Nc4 Nf7 31. Nc7 Ng5 32. f3
Kf7 33. Nd6+ Ke7 34. Nc8+ Kd7 35. Nxe6 Nxe6 36. Nxa7 Nc7 37. Kf2 c4 38. g3
Bf8 39. Kg2 b5 40. Kh3 Bc5 41. Nxb5 Nxb5 42. a4 Nc7 43. b4 Be7 44. Kg4 Na6
45. b5 Nb4 46. b6 Kc6 47. a5 Na2 48. Kf5 Nxc3 49. Ke6 Bd8 50. Kf7 Nb5 51.
Ke8 c3 52. Kxd8 c2 53. Kc8 Nd6+ 54. Kb8 c1=Q 55. Ka7 Kb5 56. a6 Qa1 57. b7
Qxa6+ 58. Kb8 Qxb7# {White checkmated} 0-1

[Event "ICC tourney 1954 (60 10)"]
[Site "Internet Chess Club"]
[Date "2020.08.09"]
[Round "8"]
[White "SoaringHawk24"]
[Black "vaav"]
[Result "1-0"]
[ICCResult "Black checkmated"]
[WhiteElo "1316"]
[BlackElo "1156"]
[Opening "French: Tarrasch, open variation"]
[ECO "C07"]
[NIC "FR.18"]
[Time "15:19:03"]
[TimeControl "3600+10"]

1. e4 e6 2. d4 d5 3. Nd2 c5 4. c3 Nc6 5. Ndf3 dxe4 6. Nd2 Nf6 7. dxc5 Bxc5
8. Bb5 Qb6 9. Bxc6+ bxc6 10. Qe2 e3 11. fxe3 Bxe3 12. Ngf3 Ba6 13. c4 Ng4
14. Rf1 Qc5 15. b3 Rd8 16. h3 Ne5 17. a4 Nd3+ 18. Kd1 Nf2+ 19. Ke1 Nd3+ 20.
Kd1 e5 21. Ba3 Qb6 22. a5 Nf4 23. axb6 Nxe2 24. Kxe2 Bxb6 25. Bb2 Bb7 26.
Nxe5 O-O 27. Nef3 Rfe8+ 28. Kd1 Be3 29. Re1 c5 30. Re2 Bxf3 31. gxf3 Rd6 32.
Kc2 Red8 33. Rxe3 Rxd2+ 34. Kb1 Rd1+ 35. Ka2 R1d6 36. Rae1 Rf8 37. Re8 h6
38. Rxf8+ Kxf8 39. Re5 Rc6 40. Ba3 Kg8 41. Rxc5 Rf6 42. Rc8+ Kh7 43. c5 Rxf3
44. c6 Rxh3 45. c7 Rc3 46. Kb2 Rc6 47. Be7 h5 48. Bd8 h4 49. Bxh4 f6 50. Bg3
g5 51. Rf8 Kg6 52. c8=Q Rxc8 53. Rxc8 f5 54. Rf8 a5 55. Ka3 f4 56. Bxf4 gxf4
57. Rxf4 Kg5 58. Ra4 Kf5 59. Rxa5+ Ke4 60. Rc5 Kd4 61. Kb4 Kd3 62. Rc4 Kd2
63. Rc3 Ke2 64. Kc4 Kf2 65. Rd3 Kg1 66. Rd2 Kh1 67. Kd3 Kg1 68. Ke3 Kh1 69.
Kf3 Kg1 70. Kg3 Kh1 71. Rd1# {Black checkmated} 1-0

[Event "ICC tourney 1954 (60 10)"]
[Site "Internet Chess Club"]
[Date "2020.08.09"]
[Round "8"]
[White "Cgchess"]
[Black "mihirppatil04"]
[Result "0-1"]
[ICCResult "White resigns"]
[WhiteElo "1357"]
[BlackElo "1295"]
[Opening "Caro-Kann: exchange variation"]
[ECO "B13"]
[NIC "CK.02"]
[Time "15:18:29"]
[TimeControl "3600+10"]

1. e4 c6 2. d4 d5 3. exd5 cxd5 4. Nf3 Nc6 5. Bb5 Bd7 6. Nc3 Nf6 7. O-O e6 8.
a3 h6 9. Re1 a6 10. Ba4 Bd6 11. Bd2 O-O 12. Ne5 b5 13. Nxc6 Bxc6 14. Bb3 Rc8
15. Ne2 Ne4 16. Be3 f5 17. f3 Nf6 18. Nf4 Bd7 19. Bd2 Re8 20. Nd3 Qc7 21.
Bc3 Bxh2+ 22. Kf1 Bf4 23. Nc5 Qa7 24. Nd3 Bb8 25. Nc5 Bd6 26. Bb4 Bxc5 27.
Bxc5 Qc7 28. c3 Qh2 29. a4 Nh5 30. Kf2 Qg3+ 31. Kf1 Nf4 32. Qd2 Qh2 33. Qf2
Nd3 {White resigns} 0-1

[Event "ICC tourney 1954 (60 10)"]
[Site "Internet Chess Club"]
[Date "2020.08.09"]
[Round "8"]
[White "Rishid7"]
[Black "palashg"]
[Result "1-0"]
[ICCResult "Black resigns"]
[WhiteElo "903"]
[BlackElo "1092"]
[Opening "Giuoco Piano"]
[ECO "C50"]
[NIC "IG.02"]
[Time "15:18:25"]
[TimeControl "3600+10"]

1. e4 e5 2. Nf3 Nc6 3. Bc4 Bc5 4. O-O Nf6 5. Nc3 O-O 6. d3 h6 7. h3 d6 8. a3
Be6 9. Nd5 Na5 10. Bd2 Nxc4 11. dxc4 c6 12. Nc3 Bxc4 13. Re1 a6 14. Be3 Bxe3
15. Rxe3 d5 16. Re1 d4 17. Ne2 Nxe4 18. Nxe5 Bxe2 19. Rxe2 Qd5 20. f3 Ng3
21. Re1 Rfe8 22. Ng4 Qc5 23. Rxe8+ Rxe8 24. Qd3 Re2 25. Kh2 Qd6 26. Rc1 Ne4+
27. Kg1 Ng3 28. Rd1 c5 29. Ne3 Rxe3 30. Qxe3 dxe3 31. Rxd6 f6 32. Re6 Nf5
33. g4 Nd4 34. Rxe3 Nxc2 35. Re7 Nd4 36. Kg2 b6 37. Rd7 Nc2 38. Rb7
{Black resigns}
1-0

[Event "ICC tourney 1954 (60 10)"]
[Site "Internet Chess Club"]
[Date "2020.08.09"]
[Round "8"]
[White "aslan777"]
[Black "srsmv"]
[Result "0-1"]
[ICCResult "White checkmated"]
[WhiteElo "488"]
[BlackElo "1199"]
[Opening "Queen's bishop game"]
[ECO "D02"]
[NIC "QP.08"]
[Time "15:19:09"]
[TimeControl "3600+10"]

1. d4 d5 2. Nf3 Nf6 3. Bf4 e6 4. e3 Nbd7 5. Bd3 Be7 6. h3 b6 7. Nbd2 Bb7 8.
O-O O-O 9. Re1 c5 10. c4 Rc8 11. cxd5 exd5 12. Rc1 Ne4 13. Ne5 Nxe5 14. Bxe5
Bf6 15. f3 Nxd2 16. Qxd2 cxd4 17. exd4 Bg5 18. Rxc8 Bxc8 19. f4 Bh4 20. Re2
f6 21. Bb8 Bd7 22. Bxa7 Qc7 23. Bxb6 Qxb6 24. Qc2 Qxd4+ 25. Kh2 Qxf4+ 26.
Kg1 f5 27. g4 Qg3+ 28. Rg2 Qxh3 29. gxf5 Rc8 30. Qb1 Re8 31. Bf1 Re1 32. Qc2
Qe3+ 33. Kh2 Rxf1 34. Qc7 Bg3+ 35. Rxg3 Qf2+ 36. Kh3 Qxf5+ 37. Kg2 Qf2#
{White checkmated}
0-1

[Event "ICC tourney 1954 (60 10)"]
[Site "Internet Chess Club"]
[Date "2020.08.09"]
[Round "8"]
[White "Electryon"]
[Black "pillaivar"]
[Result "0-1"]
[ICCResult "White resigns"]
[WhiteElo "1367"]
[BlackElo "1247"]
[Opening "English opening: Agincourt variation"]
[ECO "A13"]
[NIC "QP.09"]
[Time "15:18:55"]
[TimeControl "3600+10"]

1. Nf3 d5 2. c4 e6 3. b3 d4 4. d3 Nf6 5. g3 c5 6. Bg2 Nc6 7. O-O Bd6 8. e3
O-O 9. exd4 cxd4 10. Bb2 e5 11. Ba3 Re8 12. Bxd6 Qxd6 13. Nbd2 Bf5 14. Ne1
Rad8 15. Ndf3 h6 16. a3 e4 17. Nh4 Bh7 18. dxe4 Nxe4 19. Nd3 Nc3 20. Qd2 Re2
21. Qf4 Bxd3 22. Qxd6 Rxd6 23. Rfe1 Rxe1+ 24. Rxe1 Be2 25. Nf5 Rd8 26. Rc1
d3 27. Rxc3 d2 28. Ne3 d1=Q+ 29. Nxd1 Rxd1+ {White resigns} 0-1

[Event "ICC tourney 1954 (60 10)"]
[Site "Internet Chess Club"]
[Date "2020.08.09"]
[Round "8"]
[White "thanhcaptures"]
[Black "Red-Pin"]
[Result "1-0"]
[ICCResult "Black checkmated"]
[WhiteElo "1179"]
[BlackElo "1339"]
[Opening "Sicilian: dragon, classical, Richter variation"]
[ECO "B73"]
[NIC "SI.32"]
[Time "15:18:45"]
[TimeControl "3600+10"]

1. e4 c5 2. Nf3 Nc6 3. d4 cxd4 4. Nxd4 d6 5. Nc3 g6 6. Be2 Bg7 7. Be3 Nf6 8.
O-O O-O 9. Qd2 Nxd4 10. Bxd4 Be6 11. Rfe1 a6 12. Rad1 Rc8 13. Bf3 b5 14. a3
Nd7 15. Bxg7 Kxg7 16. Qe2 Qa5 17. Bg4 Bc4 18. Qe3 Rfd8 19. Qh3 Rc7 20. Qe3
Ne5 21. Bh3 f6 22. b4 Qxa3 23. Qb6 Rdd7 24. Bxd7 Rxd7 25. Qe3 Qxb4 26. Rb1
Qc5 27. Qxc5 dxc5 28. Red1 b4 29. Rxd7 Nxd7 30. Nd5 e6 31. Nc7 Kf7 32. Ra1
Nb8 33. Ra5 Ke7 34. Rxc5 Be2 35. Na8 Kd6 36. Rc8 Nc6 37. Nb6 a5 38. Rh8 f5
39. exf5 gxf5 40. Rxh7 Nd4 41. Rd7+ Kc5 42. Na4+ Kc4 43. h4 Nxc2 44. Rd2 Bd3
45. Nb2+ Kc3 46. Rxd3+ Kxb2 47. h5 a4 48. h6 a3 49. h7 a2 50. h8=Q+ Kc1 51.
Qh6+ Kb2 52. Qf6+ Kc1 53. Qd8 Kb2 54. Rd1 a1=Q 55. Rxa1 Nxa1 56. Qd4+ Kc2
57. Qxa1 b3 58. Qa4 Kc3 59. Qa3 Kc2 60. Qc5+ Kb1 61. Kf1 b2 62. Qc4 Ka1 63.
Qa4+ Kb1 64. Ke1 e5 65. Kd1 e4 66. g3 e3 67. fxe3 f4 68. Qe4+ Ka2 69. Qc4+
Ka1 70. Qa6+ Kb1 71. Ke2 Kc1 72. Qc4+ Kb1 73. exf4 Ka1 74. Qa4+ Kb1 75. f5
Kc1 76. Qc4+ Kb1 77. f6 Ka1 78. Qa4+ Kb1 79. f7 Kc1 80. Qc4+ Kb1 81. f8=Q
Ka1 82. Qf1+ b1=B 83. Qa4+ Kb2 84. Qb4+ Kc2 85. Qfxb1# {Black checkmated}
1-0

[Event "ICC tourney 1954 (60 10)"]
[Site "Internet Chess Club"]
[Date "2020.08.09"]
[Round "8"]
[White "kkjrme"]
[Black "Penguino26"]
[Result "1-0"]
[ICCResult "Black resigns"]
[WhiteElo "1287"]
[BlackElo "1235"]
[Opening "Queen's pawn: London system"]
[ECO "A45"]
[NIC "QP.05"]
[Time "15:18:52"]
[TimeControl "3600+10"]

1. d4 Nf6 2. Bf4 e6 3. Nf3 d5 4. e3 Bd6 5. Bg5 h6 6. Bh4 Nbd7 7. Nbd2 c5 8.
c3 c4 9. Be2 b5 10. Qc2 Bb7 11. O-O Qc7 12. Bg3 Nh5 13. Bxd6 Qxd6 14. Ne5
Nxe5 15. Bxh5 Nd7 16. e4 dxe4 17. Nxe4 Qc6 18. Bf3 Qc7 19. Qe2 O-O 20. Rfe1
Rab8 21. Rad1 Rfd8 22. Nd2 Nf6 23. Bxb7 Qxb7 24. Nf3 Nd5 25. a3 a5 26. Ne5
Nf4 27. Qe4 Qxe4 28. Rxe4 Nh5 29. Nc6 Nf6 30. Ree1 Rbc8 31. Nxd8 Rxd8 32. f3
Nd5 33. Kf2 Nf4 34. Re2 Nd3+ 35. Ke3 g5 36. b3 Nf4 37. Rb2 Rc8 38. g3 Nd5+
39. Kd2 Nb6 40. b4 a4 41. Re1 Nd5 42. Rbb1 Kg7 43. h4 Kg6 44. hxg5 hxg5 45.
Re4 Rh8 46. Re2 Rh3 47. Rg2 f5 48. Re1 Kf7 49. Rge2 Rh6 50. g4 f4 51. Re5
Rg6 52. Rh1 Kg7 53. Rh5 Kf6 54. Rh7 Rg8 55. Rh6+ Rg6 56. Rxg6+ Kxg6 57.
Rxe6+ Kf7 58. Re5 Nc7 59. Rxg5 {Black resigns} 1-0

[Event "ICC tourney 1954 (60 10)"]
[Site "Internet Chess Club"]
[Date "2020.08.09"]
[Round "8"]
[White "sskavin14"]
[Black "dtoledo"]
[Result "0-1"]
[ICCResult "White checkmated"]
[WhiteElo "881"]
[BlackElo "1130"]
[Opening "Sicilian"]
[ECO "B50"]
[NIC "SI.01"]
[Time "15:19:09"]
[TimeControl "3600+10"]

1. e4 c5 2. Nf3 d6 3. Nc3 Nc6 4. Bc4 Nf6 5. d3 g6 6. Be3 Bg7 7. O-O O-O 8.
Re1 Bd7 9. h3 a6 10. a4 Rb8 11. Ba2 b5 12. axb5 axb5 13. Ne2 Nh5 14. d4 c4
15. c3 Ra8 16. d5 Ne5 17. Nfd4 Nd3 18. Rf1 Qb8 19. b4 Nf6 20. f3 Ra6 21. Nc1
Qa8 22. Qd2 Nxc1 23. Rfxc1 Rb8 24. Rc2 Qb7 25. Re1 Rba8 26. Rb2 Be8 27. Bf2
Nd7 28. Qe2 Ne5 29. Bb1 Ra1 30. Bc2 R8a6 31. Rxa1 Rxa1+ 32. Kh2 Qa8 33. Bd1
Nd3 34. Rc2 Nxf2 35. Qxf2 Rxd1 36. Ne2 Qa1 37. Ng3 Be5 38. f4 Bxc3 39. Ne2
Rh1+ 40. Kg3 Be1 41. Qxe1 Qxe1+ 42. Kf3 Rf1+ 43. Kg4 Bd7+ 44. Kg5 f6+ 45.
Kh6 Qh4# {White checkmated} 0-1

[Event "ICC tourney 1954 (60 10)"]
[Site "Internet Chess Club"]
[Date "2020.08.09"]
[Round "8"]
[White "suhavit"]
[Black "oxdidi"]
[Result "1/2-1/2"]
[ICCResult "Game drawn by repetition"]
[WhiteElo "1140"]
[BlackElo "1325"]
[Opening "Giuoco Pianissimo: Italian four knights variation"]
[ECO "C50"]
[NIC "IG.02"]
[Time "15:18:56"]
[TimeControl "3600+10"]

1. e4 e5 2. Nf3 Nc6 3. Bc4 Bc5 4. Nc3 Nf6 5. d3 h6 6. O-O d6 7. h3 O-O 8.
Be3 Bb6 9. Qd2 Be6 10. Bb3 Qd7 11. Kh2 Bxe3 12. fxe3 Rfe8 13. Qe2 Rad8 14.
Rad1 a6 15. Bxe6 Qxe6 16. Nh4 b5 17. a3 b4 18. axb4 Nxb4 19. Rc1 Nc6 20. Qf3
Ne7 21. Nf5 Ng6 22. Ne2 Rb8 23. b3 Kh8 24. Neg3 Rg8 25. Nh5 Rbd8 26. g3 Nf8
27. Nxh6 N8h7 28. Nxg8 Rxg8 29. Nxf6 Nxf6 30. Qf5 Qe7 31. Qg5 g6 32. Qh6+
Nh7 33. Rf2 Rg7 34. Rcf1 Kg8 35. Qh4 g5 36. Qg4 Qe8 37. Ra1 Qa8 38. Rff1 Qc6
39. Qc8+ Nf8 40. Rxa6 Qxc2+ 41. Kg1 Qxd3 42. Rf2 Qxe3 43. Ra8 Qxg3+ 44. Rg2
Qe3+ 45. Kh2 Qf4+ 46. Kh1 Qf1+ 47. Kh2 Qf4+ 48. Kh1 Qf1+ 49. Kh2 Qf4+ 50.
Kh1 Qf1+ 51. Kh2 Qf4+ {Game drawn by repetition} 1/2-1/2

[Event "ICC tourney 1954 (60 10)"]
[Site "Internet Chess Club"]
[Date "2020.08.09"]
[Round "8"]
[White "gsgirl"]
[Black "djc403"]
[Result "1-0"]
[ICCResult "Black resigns"]
[WhiteElo "1009"]
[BlackElo "1300"]
[Opening "Queen's pawn, Mason variation"]
[ECO "D00"]
[NIC "QP.08"]
[Time "15:18:40"]
[TimeControl "3600+10"]

1. d4 d5 2. Bf4 Bf5 3. e3 a6 4. Bd3 Bxd3 5. Qxd3 Nf6 6. Nf3 e6 7. Nbd2 Nc6
8. c3 Be7 9. O-O-O O-O 10. h4 Ng4 11. Ng5 Bxg5 12. hxg5 g6 13. Qe2 e5 14.
Qxg4 exf4 15. Qh4 h5 16. exf4 Ne7 17. g4 Kg7 18. gxh5 Rh8 19. Qg4 Nf5 20.
hxg6 Rxh1 21. Rxh1 fxg6 22. Qh3 Qg8 23. Nf3 Re8 24. Kd2 Re4 25. Nh4 Nd6 26.
Qd7+ Nf7 27. Ng2 Qe8 28. Qxe8 Rxe8 29. Re1 Rh8 30. Ne3 Rh2 31. Nxd5 Rxf2+
32. Re2 Rf3 33. Nxc7 Rxf4 34. Ne6+ {Black resigns} 1-0

[Event "ICC tourney 1954 (60 10)"]
[Site "Internet Chess Club"]
[Date "2020.08.09"]
[Round "8"]
[White "TigranJunior"]
[Black "PranitP2011"]
[Result "0-1"]
[ICCResult "White checkmated"]
[WhiteElo "1293"]
[BlackElo "1091"]
[Opening "Réti opening"]
[ECO "A09"]
[NIC "QP.09"]
[Time "15:19:11"]
[TimeControl "3600+10"]

1. Nf3 d5 2. c4 Bg4 3. e3 e6 4. d4 c6 5. Be2 dxc4 6. Ne5 Bxe2 7. Qxe2 Bd6 8.
Nxc4 Bc7 9. O-O Nf6 10. Nc3 Nbd7 11. e4 O-O 12. Bg5 h6 13. Bh4 Qe8 14. e5
Nd5 15. Nxd5 cxd5 16. Ne3 Nb6 17. b3 Bd8 18. Qg4 Bxh4 19. Qxh4 Rc8 20. Rac1
Qd7 21. Qg3 Rxc1 22. Rxc1 Rc8 23. Re1 Qc6 24. h3 Qc3 25. f3 Qxd4 26. Kh2 Rc3
27. Ng4 Kh7 28. Qh4 Rd3 29. Qh5 Qf4+ 30. Kh1 Rc3 31. Nf6+ gxf6 32. Qxf7+ Kh8
33. Qf8+ Kh7 34. exf6 Qg5 35. Rxe6 Rc1+ 36. Kh2 Qf4+ 37. g3 Rc2+ 38. Kh1
Qc1+ 39. Re1 Qxe1# {White checkmated} 0-1

[Event "ICC tourney 1954 (60 10)"]
[Site "Internet Chess Club"]
[Date "2020.08.09"]
[Round "8"]
[White "Aadarsh99"]
[Black "seaglass-chess"]
[Result "1-0"]
[ICCResult "Black resigns"]
[WhiteElo "1081"]
[BlackElo "1324"]
[Opening "Queen's pawn game"]
[ECO "D02"]
[NIC "QP.08"]
[Time "15:18:43"]
[TimeControl "3600+10"]

1. d4 d5 2. Nf3 c6 3. g3 e6 4. Bg2 Nf6 5. O-O Be7 6. Bg5 Nbd7 7. Nc3 O-O 8.
Re1 b6 9. e4 dxe4 10. Nxe4 Nxe4 11. Bxe7 Qxe7 12. Rxe4 Nf6 13. Re1 Rd8 14.
Ne5 Nd5 15. Nxc6 Qd7 16. Nxd8 Qxd8 17. c4 Bb7 18. cxd5 Bxd5 19. Bxd5 Qxd5
20. Re5 Qd8 21. Qf3 Rc8 22. Qd1 Rc4 23. Rc1 Rxc1 24. Qxc1 Kf8 25. Qc3 Qb8
26. Qb4+ Ke8 27. Qb5+ Ke7 28. Qc6 a5 29. f4 Qd8 30. Qc4 g6 31. d5 Qd6 32.
dxe6 fxe6 33. a3 Kf6 34. Qc8 Kf7 35. Qb7+ Kg8 36. Qc8+ Kf7 37. Qh8 h5 38.
Qh7+ Kf6 39. Rg5 Qd4+ 40. Kg2 Qxb2+ 41. Kh3 Qb1 42. Qg8 e5 43. Qf8+ Ke6 44.
Rxe5+ Kd7 45. Qf7+ Kc6 46. Qe8+ Kd6 47. Re6+ Kc5 48. Qc6+ Kd4 49. Qxb6+ Qxb6
50. Rxb6 {Black resigns} 1-0